 Dungeon Crawl Stone Soup version 0.18-a0-816-g97f838e (webtiles) character file.

44935 Crishpax the Eclecticist (level 13, -13/74 HPs)
             Began as a Deep Elf Wizard on Dec 15, 2015.
             Was a High Priest of Vehumet.
             Mangled by Duffy's ghost (42 damage)
             ... on level 7 of the Lair of Beasts.
             The game lasted 02:02:42 (28291 turns).

Crishpax the Eclecticist (Deep Elf Wizard)         Turns: 28291, Time: 02:02:43

Health: -13/74     AC: 10    Str:  4    XL:     13   Next: 98%
Magic:  25/37      EV: 12    Int: 29    God:    Vehumet [*****.]
Gold:   1263       SH:  0    Dex: 13    Spells: 10 memorised, 12 levels left

rFire  x . .     SeeInvis +     C - staff of conjuration
rCold  + + .     Clarity  .     W - +1 robe {MR+}
rNeg   . . .     SustAt   .     (no shield)
rPois  .         Gourm    +     e - +0 helmet of Vexation {rC+ Stlth+} (curse)
rElec  .         Spirit   .     o - +1 cloak {MR+}
rCorr  .         Dismiss  .     f - +0 pair of gloves
rMut   .         Stasis   .     c - +2 pair of boots of the Assassin {DetectMon Stab+ Stlth++}
MR     +++..                    K - amulet of the gourmand
Stlth  +++++.....               s - ring of see invisible
                                N - ring of ice

@: repel missiles, extremely resistant to hostile enchantments, quite stealthy
A: no striking features
a: Renounce Religion


You were on level 7 of the Lair of Beasts.
You worshipped Vehumet.
Vehumet was extremely pleased with you.
You were completely stuffed.

You visited 3 branches of the dungeon, and saw 19 of its levels.
You also visited: Labyrinth and Volcano.

You collected 1263 gold pieces.

Inventory:

Hand Weapons
 m - a +1 whip of freezing
Armour
 c - the +2 pair of boots of the Assassin (worn) {DetectMon Stab+ Stlth++}
   (You found it on level 2 of the Lair of Beasts)

   It makes you much more stealthy.
 e - the cursed +0 helmet of Vexation (worn) {rC+ Stlth+}
   (You found it on level 2 of the Lair of Beasts)

   It protects you from cold.
   It makes you more stealthy.
   It has a curse placed upon it.
 f - a +0 pair of gloves (worn)
 o - a +1 cloak of magic resistance (worn)
 W - a +1 robe of magic resistance (worn)
Magical Staves
 C - an uncursed staff of conjuration (weapon)
Jewellery
 b - an uncursed ring of protection from cold
 n - an uncursed amulet of regeneration
 s - a ring of see invisible (right hand)
 G - an uncursed ring of teleportation
 K - an amulet of the gourmand (around neck)
 N - a ring of ice (left hand)
 Y - a +4 amulet of reflection
Wands
 h - a wand of hasting (2)
 l - a wand of digging (15)
 r - a wand of teleportation (5)
 O - a wand of hasting (3)
 T - a wand of heal wounds (3)
Scrolls
 a - a scroll of immolation
 i - a scroll of recharging {unknown}
 q - a scroll of acquirement {unknown}
 u - 12 scrolls of remove curse
 y - 3 scrolls of teleportation
 A - 2 scrolls of blinking
 F - 2 scrolls of fog
 L - a scroll of brand weapon {unknown}
 M - 3 scrolls of magic mapping
 P - 4 scrolls of identify
 Q - 4 scrolls of fear
Potions
 j - a potion of magic {unknown}
 k - 3 potions of flight
 p - 11 potions of curing
 v - 2 potions of cancellation {unknown}
 w - 2 potions of haste
 x - 3 potions of brilliance
 z - 2 potions of heal wounds {unknown}
 B - 2 potions of berserk rage {unknown}
 U - 2 potions of resistance {unknown}
 X - 2 potions of mutation {unknown}
 Z - 2 potions of agility {unknown}
Books
 E - a book of Flames

   Spells                             Type                      Level
   a - Flame Tongue                   Conjuration/Fire             1
   b - Throw Flame                    Conjuration/Fire             2
   c - Conjure Flame                  Conjuration/Fire             3
   d - Inner Flame                    Hexes/Fire                   3
   e - Sticky Flame                   Conjuration/Fire             4
   f - Fireball                       Conjuration/Fire             5
 I - a book of Spatial Translocations

   Spells                             Type                      Level
   a - Apportation                    Translocation                1
   b - Blink                          Translocation                2
   c - Shroud of Golubria             Charms/Translocation         2
   d - Portal Projectile              Translocation                3
   e - Teleport Other                 Translocation                3
   f - Passage of Golubria            Translocation                4
 R - a book of Air

   Spells                             Type                      Level
   a - Shock                          Conjuration/Air              1
   b - Swiftness                      Charms/Air                   2
   c - Repel Missiles                 Charms/Air                   2
   d - Static Discharge               Conjuration/Air              3
   e - Lightning Bolt                 Conjuration/Air              5
Comestibles
 d - 9 bread rations
 g - 6 beef jerkies
 t - 3 slices of pizza
 D - 5 meat rations
 H - 2 royal jellies
 J - 26 fruits


   Skills:
 + Level 5.8 Fighting
 + Level 9.5 Dodging
 - Level 2.4 Stealth
 + Level 18.6 Spellcasting
 - Level 12.3 Conjurations
   Level 1.1 Summonings
 - Level 1.1 Translocations
 - Level 12.7 Ice Magic


You had 12 spell levels left.
You knew the following spells:

 Your Spells              Type           Power        Failure   Level  Hunger
a - Magic Dart            Conj           ####         0%          1    None
b - Blink                 Tloc           N/A          1%          2    None
c - Conjure Flame         Conj/Fire      ######..     1%          3    None
d - Mephitic Cloud        Conj/Pois/Air  ######..     1%          3    None
e - Repel Missiles        Chrm/Air       ####..       2%          2    None
f - Iron Shot             Conj/Erth      #######...   5%          6    #......
g - Orb of Destruction    Conj           #######...   3%          7    ####...
i - Bolt of Cold          Conj/Ice       ########..   1%          6    #......
o - Apportation           Tloc           ####......   1%          1    None
x - Freezing Cloud        Conj/Ice/Air   ########..   2%          6    #......


Dungeon Overview and Level Annotations

Branches:
Dungeon (11/15)            Temple (1/1) D:4            Lair (7/8) D:10
  Swamp (0/4) Lair:5       Spider (0/4) Lair:3        Slime (0/6) Lair:6
    Orc (0/2) D:9

Altars:
Ashenzari
Cheibriados
Dithmenos
Elyvilon
Fedhas
Gozag
Makhleb
Nemelex Xobeh
Okawaru
Pakellas
Qazlal
Ru
Sif Muna
Trog
Vehumet
Xom
Yredelemnul
Zin
The Shining One
Jiyva

Shops:
D:8 [

Annotations:
Lair:7 Duffy's ghost, journeyman TrFi


Message History

Casting: Bolt of Cold
Confirm with . or Enter, or press ? or * to list all spells.
Aiming: Iron Shot
Press: ? - help, Shift-Dir - straight line, f - Duffy's ghost
Aim: Duffy's ghost You feel a surge of power!
The iron shot hits Duffy's ghost.
Duffy's ghost is moderately damaged.
Duffy's ghost wails, "Do you think the gods will protect you?"
Casting: Iron Shot
Confirm with . or Enter, or press ? or * to list all spells.
Aiming: Iron Shot
Press: ? - help, Shift-Dir - straight line, f/p - Duffy's ghost
Aim: Duffy's ghost (moderately damaged)
You feel a surge of power!
The iron shot hits Duffy's ghost.
Duffy's ghost is heavily damaged.
Duffy's ghost hits you!!!
Ouch! That really hurt!
Duffy's ghost hits you!!!
Ouch! That really hurt!
You die...

#.#.PPPP...P............,,,,,,,
##...P..................,,,,,,,
##.....................,,,,,,,
#.....................,,,,,,,
##.....................,,,,,,,
##......................,,,,,,,
#...#..P................,,,,,,,
##...#.............#....**,,,,,
##..#.P..##.W@....##..,,**,,,,
#...##...#..P.....P..,,,*,,,,,
##.##.....#P............,,....
##.##.............#.....,.....
#..##.....#.......PP.#..*.....
##...#...##..........P..##....
##..##..#..#..................
#P..##...##...................
##.......P....................


You could see Duffy's ghost.

Vanquished Creatures
  A minotaur (Lab)
  2 hydras (Lair:6)
  An anaconda (Lair:4)
  The ghost of Chiseanne the Nimble, a journeyman GrGl of Makhleb (Volcano)
  A salamander mystic (Volcano)
  Nergalle (Lair:3)
  Pikel (D:6)
  A hill giant (D:7)
  2 griffons
  10 black mambas
  4 salamanders (Volcano)
  A deep elf mage (D:10)
  7 elephants
  2 molten gargoyles (Volcano)
  Psyche (D:8)
  A torpor snail (Lair:6)
  A guardian serpent (D:10)
  6 spiny frogs
  A jumping spider (Lair:3)
  5 komodo dragons
  A two-headed ogre (D:9)
  5 fire drakes (Lair:5)
  14 blink frogs
  2 trolls
  Prince Ribbit (D:8)
  A redback (Lair:3)
  2 wyverns
  2 fire bats (Volcano)
  3 basilisks
  19 yaks
  14 hippogriffs
  13 wolves
  2 hungry ghosts
  A steam dragon (D:9)
  6 swamp worms (Lair:5)
  19 water moccasins
  Duvessa (D:5)
  9 porcupines
  An ice beast (D:8)
  8 centaurs
  5 sky beasts
  A black bear (D:10)
  7 phantoms
  2 necrophages
  10 ogres
  4 orc warriors
  19 crocodiles
  25 giant frogs
  4 big kobolds
  2 gnoll sergeants (D:8)
  A wyvern zombie (D:7)
  Dowan (D:5)
  3 killer bees (D:8)
  A scorpion (D:11)
  11 wights
  4 electric eels
  4 crimson imps
  6 hounds
  10 orc priests
  Crazy Yiuf (D:2)
  2 jellies
  3 lava snakes (Volcano)
  2 centaur skeletons
  15 worker ants
  2 giant frog skeletons
  15 iguanas
  A quasit (D:9)
  21 orc wizards
  5 sheep (Lair:6)
  A mummy (D:5)
  A hound skeleton (D:5)
  2 worker ant zombies
  12 adders
  27 river rats
  3 shadow imps
  16 gnolls
  An adder zombie (D:5)
  An ooze (D:3)
  3 worms
  2 adder skeletons
  11 giant geckos
  73 orcs
  11 bats
  2 gnoll zombies (D:7)
  11 goblins
  9 hobgoblins
  9 giant cockroaches
  7 giant newts
  10 jackals
  A jackal skeleton (D:9)
  22 kobolds
  6 quokkas
  9 rats
  3 fulminant prisms (D:8)
  2 fungi
  25 plants
641 creatures vanquished.

Vanquished Creatures (others)
  An orc wizard (D:5)
  4 orcs (D:6)
  A kobold (D:7)
  13 fulminant prisms (D:8)
  12 fungi
  2 plants
33 creatures vanquished.

Grand Total: 674 creatures vanquished

Notes
Turn   | Place    | Note
--------------------------------------------------------------
     0 | D:1      | Crishpax the Deep Elf Wizard began the quest for the Orb.
     0 | D:1      | Reached XP level 1. HP: 10/10 MP: 7/7
    47 | D:1      | Noticed a centaur
   222 | D:1      | Reached XP level 2. HP: 15/15 MP: 3/9
   649 | D:1      | Reached skill level 5 in Spellcasting
   887 | D:1      | Reached XP level 3. HP: 19/19 MP: 7/11
  1101 | D:1      | Learned a level 2 spell: Blink
  1105 | D:1      | Learned a level 3 spell: Conjure Flame
  1109 | D:1      | Learned a level 3 spell: Mephitic Cloud
  1112 | D:1      | Learned a level 2 spell: Repel Missiles
  1227 | D:2      | Found a white marble altar of Elyvilon.
  1357 | D:2      | Reached XP level 4. HP: 24/24 MP: 1/13
  2104 | D:2      | Found a glowing golden altar of the Shining One.
  2232 | D:2      | Noticed Crazy Yiuf
  2244 | D:2      | Killed Crazy Yiuf
  2244 | D:2      | Reached skill level 6 in Spellcasting
  2518 | D:3      | Reached XP level 5. HP: 25/28 MP: 6/15
  3356 | D:4      | Found a shimmering altar of Xom.
  3359 | D:4      | Noticed an ogre
  3385 | D:4      | Reached skill level 7 in Spellcasting
  3394 | D:4      | Killed an ogre
  3394 | D:4      | Reached skill level 5 in Conjurations
  3394 | D:4      | Reached XP level 6. HP: 32/32 MP: 2/18
  3655 | D:4      | Found a shadowy altar of Dithmenos.
  3678 | D:4      | Found Imolegi's Antique Weapon Boutique.
  3947 | D:4      | Found a staircase to the Ecumenical Temple.
  3956 | Temple   | Entered the Ecumenical Temple
  4193 | Temple   | Became a worshipper of Vehumet
  4379 | D:5      | Entered Level 5 of the Dungeon
  4671 | D:4      | Reached skill level 8 in Spellcasting
  4671 | D:4      | Reached XP level 7. HP: 36/36 MP: 6/20
  5165 | D:5      | Noticed Dowan
  5166 | D:5      | Noticed Duvessa
  5177 | D:5      | Killed Duvessa
  5177 | D:5      | Reached skill level 9 in Spellcasting
  5181 | D:5      | Killed Dowan
  5290 | D:5      | Reached * piety under Vehumet
  5290 | D:5      | Offered knowledge of Freeze by Vehumet.
  5313 | D:5      | Reached XP level 8. HP: 36/41 MP: 0/23
  5978 | D:5      | Reached skill level 10 in Spellcasting
  7113 | D:6      | Reached skill level 11 in Spellcasting
  7321 | D:6      | Offered knowledge of Searing Ray by Vehumet.
  7396 | D:6      | Noticed Pikel
  7421 | D:6      | Killed Pikel
  7421 | D:6      | Reached XP level 9. HP: 45/45 MP: 13/26
  7749 | D:6      | Found a burning altar of Makhleb.
  7933 | D:6      | Reached skill level 12 in Spellcasting
  7933 | D:6      | Reached skill level 10 in Conjurations
  8082 | D:7      | Reached ** piety under Vehumet
  8349 | D:7      | Found a snail-covered altar of Cheibriados.
  8736 | D:7      | Found a sparkling altar of Nemelex Xobeh.
  8750 | D:7      | Found a sacrificial altar of Ru.
  8781 | D:7      | Reached skill level 13 in Spellcasting
  9396 | D:7      | Found a basalt altar of Yredelemnul.
  9743 | D:8      | Noticed Psyche
  9747 | D:8      | Reached XP level 10. HP: 50/50 MP: 19/29
  9763 | D:8      | Killed Psyche
 10091 | D:7      | Offered knowledge of Dazzling Spray by Vehumet.
 10107 | D:7      | Noticed a hill giant
 10128 | D:7      | Killed a hill giant
 10451 | D:8      | Found an oddly glowing altar of Pakellas.
 10451 | D:8      | Noticed Prince Ribbit
 10572 | D:8      | Reached skill level 14 in Spellcasting
 10874 | D:8      | Reached *** piety under Vehumet
 11063 | D:8      | Killed Prince Ribbit
 11100 | D:8      | Found Umemin's Armour Boutique.
 11128 | D:8      | Offered knowledge of Fulminant Prism by Vehumet.
 11247 | D:8      | Learned a level 4 spell: Fulminant Prism
 11324 | D:8      | Learned a level 6 spell: Bolt of Cold
 11331 | D:8      | Learned a level 6 spell: Freezing Cloud
 11338 | D:8      | Reached skill level 1 in Ice Magic
 11679 | D:8      | Found a blossoming altar of Fedhas.
 12089 | D:9      | You fall through a shaft for 2 floors!
 12554 | D:11     | Reached **** piety under Vehumet
 12554 | D:11     | Reached skill level 5 in Ice Magic
 12970 | D:11     | Offered knowledge of Throw Icicle by Vehumet.
 12982 | D:10     | Entered Level 10 of the Dungeon
 13158 | D:10     | Reached XP level 11. HP: 54/54 MP: 24/31
 13943 | D:10     | Reached skill level 15 in Spellcasting
 14459 | D:10     | Found a staircase to the Lair.
 14587 | D:10     | Reached ***** piety under Vehumet
 14765 | D:10     | Offered knowledge of Iron Shot by Vehumet.
 14773 | D:10     | Learned a level 6 spell: Iron Shot
 14981 | D:9      | Found a staircase to the Orcish Mines.
 15571 | D:9      | Found an oddly glowing altar of Pakellas.
 17170 | Lair:1   | Entered Level 1 of the Lair of Beasts
 17463 | Lair:1   | Reached skill level 10 in Ice Magic
 17637 | Lair:1   | Offered knowledge of Poisonous Cloud by Vehumet.
 17984 | Lair:1   | Reached XP level 12. HP: 38/59 MP: 3/33
 17984 | Lair:1   | Reached skill level 16 in Spellcasting
 19109 | Lair:2   | Got a transparent helmet
 19124 | Lair:1   | Identified the cursed +0 helmet of Vexation {rC+ Stlth+} (You found it on level 2 of the Lair of Beasts)
 19291 | Lair:2   | Found a labyrinth entrance.
 19299 | Lab      | Entered a labyrinth
 19427 | Lab      | Noticed a minotaur
 19431 | Lab      | Killed a minotaur
 21297 | Lair:3   | Noticed Nergalle
 21300 | Lair:3   | Killed Nergalle
 22426 | Lair:3   | Reached skill level 1 in Fighting
 22429 | Lair:3   | Offered knowledge of Orb of Destruction by Vehumet.
 22429 | Lair:3   | Reached skill level 17 in Spellcasting
 22443 | Lair:3   | Learned a level 7 spell: Orb of Destruction
 22592 | Lair:3   | Found a hole to the Spider Nest.
 23109 | Lair:4   | Reached skill level 5 in Dodging
 23223 | Lair:4   | Found a dark tunnel.
 23231 | Volcano  | Entered a volcano
 23231 | Volcano  | Noticed Chiseanne's ghost (journeyman GrGl)
 23239 | Volcano  | Killed Chiseanne's ghost
 23394 | Volcano  | Reached XP level 13. HP: 68/68 MP: 29/36
 23514 | Volcano  | Found a bloodstained altar of Trog.
 24545 | Lair:4   | Learned a level 1 spell: Apportation
 25231 | Lair:5   | Reached skill level 18 in Spellcasting
 26090 | Lair:5   | Found a staircase to the Swamp.
 26095 | Lair:5   | Reached skill level 5 in Fighting
 26885 | Lair:6   | Found a viscous altar of Jiyva.
 26886 | Lair:6   | Found a staircase to the Slime Pits.
 27964 | Lair:7   | Noticed Duffy's ghost (journeyman TrFi)
 28291 | Lair:7   | Mangled by Duffy's ghost

Vault maps used:
D:1:      evilmike_arrival_come_back
D:2:      elyvilon_altar_5, nicolae_tso_carved_into_rock, serial_corexii_hall,
          corexii_hall_statues_x, corexii_hall_statues_x, first_bread,
          uniq_crazy_yiuf_cottage
D:3:      hangedman_abyss_or_decor_stabs
D:4:      lemuel_round_altar, lemuel_temple_firewalk_marked, serial_shops, shop,
          grunt_dithmenos_smoke_and_mirrors
D:5:      gup_ossuary_entry_pyramid, uniq_duvessa
D:6:      lemuel_coloured_pillars_altar, uniq_pikel
D:7:      old_standard_altar, lemuel_zombie_altar_yredelemnul, basic_altar,
          nemelex_lonely_heart_becter
D:8:      basic_altar, serial_shops, nicolae_shop_stone, columned_hall_lemuel,
          hangedman_tree_tricks, uniq_psyche, uniq_prince_ribbit1
D:9:      overflow_temple_1_default, hiddenorc2_lemuel
D:10:     erik_lair_island, nrook_guardian_serpent_ordinary
Temple:   minmay_temple_forest_path_12
Lair:1:   st_stairs_8, infiniplex_staircase_pool_2, serial_bayou_shore_a,
          grunt_megastairs_1
Lair:2:   dpeg_oklob_shooting_range, lab_entry_generic, beast_lair_carwin_8
Lair:3:   spider_nest_entry_funnel_web, uniq_nergalle
Lair:4:   beast_lair_carwin_large_4, lightli_volcano_entry_magma_tube
Lair:5:   nicolae_swamp_entry_splash_gauntlet, small_statue_intersection,
          minmay_lair_drake_nest
Lair:6:   slime_altar_1, lemuel_fruit_tree, grunt_megastairs_2
Lair:7:   beast_lair_carwin_7
Lab:      labyrinth_watery, labyrinth_fake_exit, nicolae_lab_plus, lab_hedge,
          nicolae_lab_dead_end, nicolae_lab_very_dead_end, nicolae_lab_x,
          labyrinth_skeletal_remains
Volcano:  volcano_grotto

Action                   |  1- 3 |  4- 6 |  7- 9 | 10-12 | 13-15 || total
-------------------------+-------+-------+-------+-------+-------++-------
Melee: Unarmed           |       |     3 |       |       |       ||     3
       Blowgun           |       |       |     1 |       |       ||     1
       Whip              |       |       |       |    65 |       ||    65
 Fire: Blowgun           |       |    28 |    32 |     8 |       ||    68
 Cast: Magic Dart        |    70 |   160 |   404 |   237 |     1 ||   872
       Conjure Flame     |     2 |     8 |    37 |    25 |       ||    72
       Mephitic Cloud    |     1 |    10 |    19 |    22 |       ||    52
       Repel Missiles    |     1 |     1 |     3 |     2 |       ||     7
       Blink             |       |     4 |     4 |     6 |       ||    14
       Bolt of Cold      |       |       |       |   230 |   113 ||   343
       Fulminant Prism   |       |       |       |    16 |       ||    16
       Freezing Cloud    |       |       |       |    49 |    14 ||    63
       Iron Shot         |       |       |       |       |    10 ||    10
       Orb of Destructio |       |       |       |       |     1 ||     1
Evoke: Wand              |       |       |       |     5 |       ||     5
  Use: Scroll            |     4 |       |    12 |     8 |     3 ||    27
       Potion            |       |       |       |       |     1 ||     1
 Stab: Confused          |       |     2 |     4 |       |       ||     6
       Sleeping          |       |       |       |     1 |       ||     1
  Eat: Chunk             |     1 |    10 |    14 |    83 |    19 ||   127
       Beef jerky        |       |       |       |     1 |       ||     1
